 Dungeon Crawl Stone Soup version 0.29-a0-1008-g949cc1d0fb (webtiles) character file.

Game seed: 14828998961841196253

1208 Klosterheim the Skirmisher (level 8, 0/48 HPs)
             Began as a Kobold Hunter on Aug 7, 2022.
             Slain by a wyvern zombie (4 damage)
             ... in an ossuary.
             The game lasted 00:08:06 (4999 turns).

Klosterheim the Skirmisher (Kobold Hunter)          Turns: 4999, Time: 00:08:07

Health: 0/48       AC:  3    Str:  8    XL:     8   Next: 73%
Magic:  8/8        EV: 16    Int: 16    God:
Gold:   293        SH:  0    Dex: 19    Spells: 7/7 levels left

rFire   + . .      SeeInvis .   d - +5 arbalest (freeze)
rCold   + . .      Faith    .   (shield currently unavailable)
rNeg    . . .      Spirit   .   c - +0 leather armour
rPois   +          Reflect  .   (no helmet)
rElec   +          Harm     .   (no cloak)
rCorr   +          Rampage  .   (no gloves)
Will    .....                   (no boots)
Stlth   ++++......              u - amulet of the acrobat
HPRegen 0.16/turn               j - +6 ring of intelligence
MPRegen 0.11/turn               (no ring)

@: resistant
A: small, no large weapons, nightstalker 3, clumsy 1, electricity resistance
a: no special abilities


You were in an ossuary.
You visited 1 branch of the dungeon, and saw 5 of its levels.
You also visited: Ossuary.

You collected 293 gold pieces.

Inventory:

Hand Weapons
 d - a +5 arbalest of freezing (weapon)
Armour
 c - a +0 leather armour (worn)
 p - a +2 robe of resistance
Jewellery
 j - a +6 ring of intelligence (left hand)
 u - an amulet of the acrobat (around neck)
 w - an amulet of magic regeneration
Wands
 h - a wand of light (10)
Scrolls
 a - a scroll of butterflies
 b - a scroll of immolation
 r - 2 scrolls of teleportation
 v - a scroll of blinking
Potions
 f - a potion of might
 g - a potion of mutation
 i - a potion of degeneration {unknown}
 k - a potion of lignification {unknown}
 l - a potion of magic {unknown}
 n - a potion of attraction {unknown}
 o - a potion of berserk rage {unknown}


   Skills:
 + Level 4.9 Fighting
 - Level 10.0 Ranged Weapons
 + Level 2.8 Armour
 - Level 5.0 Dodging
 - Level 5.0 Stealth


You had 7 spell levels left.
You didn't know any spells.
Your spell library contained the following spells:

 Spells                   Type           Power      Damage    Failure   Level
 Sublimation of Blood     Necr           0%         N/A       47%         2
 Wereblood                Tmut           0%         N/A       47%         2
 Gell's Gravitas          Tloc           0%         N/A       71%         3
 Lesser Beckoning         Tloc           0%         N/A       71%         3
 Teleport Other           Tloc           0%         N/A       71%         3
 Summon Hydra             Summ           0%         N/A       100%        7


Dungeon Overview and Level Annotations

Branches:
Dungeon (5/15)            Ossuary (1/1)
 Temple: D:4-7

Altars:


Innate Abilities, Weirdness & Mutations

You are small and have problems with some larger weapons.
You are completely attuned to the shadows.
You are clumsy. (Dex -2)
You are resistant to electric shocks. (rElec)


Message History

The bolt freezes the killer bee zombie.
The killer bee zombie is severely damaged.
The killer bee zombie hits you. x2
* * * LOW HITPOINT WARNING * * *
Fire: d) +5 arbalest (freeze)
Press: ? - help, Q - select action, (/) - cycle Shift-Dir - straight line, f/p - killer bee zombie
Aim: a killer bee zombie (severely damaged, 61% to hit)
You shoot a bolt. The bolt hits the killer bee zombie.
The killer bee zombie is almost destroyed.
The killer bee zombie misses you.
A wyvern zombie comes into view.
The killer bee zombie hits you.
* * * LOW HITPOINT WARNING * * *
The killer bee zombie closely misses you.
Fire: d) +5 arbalest (freeze)
Press: ? - help, Q - select action, (/) - cycle Shift-Dir - straight line, f/p - killer bee zombie
Aim: a killer bee zombie (almost destroyed, 61% to hit)
You shoot a bolt. The bolt hits the killer bee zombie!
You destroy the killer bee zombie!
Fire: d) +5 arbalest (freeze)
Press: ? - help, Q - select action, (/) - cycle Shift-Dir - straight line, f - wyvern zombie
Aim: a wyvern zombie (83% to hit)
Okay, then.
You feel better. The wyvern zombie bites you!
* * * LOW HITPOINT WARNING * * *
The wyvern zombie bites you.
* * * LOW HITPOINT WARNING * * *
Fire: d) +5 arbalest (freeze)
Press: ? - help, Q - select action, (/) - cycle Shift-Dir - straight line, f - wyvern zombie
Aim: a wyvern zombie (83% to hit)
You shoot a bolt. The bolt hits the wyvern zombie!
The wyvern zombie is lightly damaged.
The wyvern zombie closely misses you.
Fire: d) +5 arbalest (freeze)
Press: ? - help, Q - select action, (/) - cycle Shift-Dir - straight line, f/p - wyvern zombie
Aim: a wyvern zombie (lightly damaged, 83% to hit)
You shoot a bolt. The bolt hits the wyvern zombie.
The wyvern zombie is moderately damaged.
The wyvern zombie bites you.
You die...

#######
#.~.#.#
#.~.#'###
~~.~Z.'.#
#####@###
#...#.'.#
#.∩.'.###
#∩..#.+
#####.#
+.' .##


You could see a wyvern zombie.

Vanquished Creatures
  Pikel (D:5)
  2 hornet zombies (Ossuary)
  2 elf skeletons (D:5)
  A water moccasin zombie (Ossuary)
  A centaur zombie (Ossuary)
  2 hounds (D:4)
  An orc priest (D:4)
  An orc wizard (D:4)
  A killer bee zombie (Ossuary)
  7 mummies (Ossuary)
  A howler monkey zombie (Ossuary)
  5 adders
  2 worms
  A dart slug (D:1)
  7 orcs
  8 endoplasms
  4 giant cockroaches
  2 goblins
  5 hobgoblins
  6 jackals
  5 kobolds
  4 quokkas
  6 ball pythons
  3 bats
  4 frilled lizards
  An orc skeleton (D:5)
  5 rats
88 creatures vanquished.

Vanquished Creatures (others)
  17 plants (D:5)
17 creatures vanquished.

Grand Total: 105 creatures vanquished

Notes
Turn   | Place    | Note
-------+----------+-------------------------------------------
     0 | D:1      | Klosterheim the Kobold Hunter began the quest for the Orb.
     0 | D:1      | Reached XP level 1. HP: 12/12 MP: 1/1
   516 | D:1      | Reached XP level 2. HP: 18/18 MP: 2/2
   753 | D:1      | Reached XP level 3. HP: 22/22 MP: 3/3
  1183 | D:2      | Reached skill level 6 in Ranged Weapons
  1527 | D:2      | Reached XP level 4. HP: 28/28 MP: 4/4
  2642 | D:3      | Reached skill level 7 in Ranged Weapons
  2787 | D:3      | Found a faded altar of an unknown god.
  2791 | D:3      | Reached XP level 5. HP: 32/32 MP: 5/5
  3795 | D:4      | Reached skill level 8 in Ranged Weapons
  3867 | D:4      | Identified the +2 scale mail "Paob" {rF++ rC-}
  3881 | D:4      | Reached XP level 6. HP: 28/37 MP: 6/6
  4331 | D:4      | Identified a scroll of acquirement
  4331 | D:4      | Acquired a +4 arbalest of freezing
  4782 | D:5      | Entered Level 5 of the Dungeon
  4835 | D:5      | Noticed Pikel
  4837 | D:5      | Killed Pikel
  4838 | D:5      | Reached skill level 10 in Ranged Weapons
  4838 | D:5      | Reached skill level 1 in Armour
  4838 | D:5      | Reached XP level 7. HP: 41/41 MP: 7/7
  4918 | D:5      | Reached XP level 8. HP: 48/48 MP: 8/8
  4937 | D:5      | Found a sand-covered staircase.
  4946 | Ossuary  | Entered an ossuary
  4976 | Ossuary  | Reached skill level 5 in Stealth
  4980 | Ossuary  | Reached skill level 5 in Dodging
  4987 | Ossuary  | Gained mutation: You are clumsy. (Dex -2) [potion of
                  | mutation]
  4987 | Ossuary  | Gained mutation: You are resistant to electric shocks.
                  | (rElec) [potion of mutation]
  4999 | Ossuary  | Slain by a wyvern zombie

Illustrated notes

Levels and vault maps discovered:
D:1:      dpeg_arrival_long_road, layout_basic
D:2:      layout_basic
D:3:      layout_rooms, hellmonk_ecumenical_altar_pennies_from_heaven
D:4:      layout_loops_corners
D:5:      layout_gridville, nicolae_ossuary_entry_catacombs, serial_shops,
          nicolae_stop_n_shop_2, serial_bayou_lagoon_a, minmay_fire_ice_demons,
          uniq_edmund, uniq_pikel
Ossuary:  ossuary_zaba_flooded

Skill      XL: |  1  2  3  4  5  6  7  8 |
---------------+-------------------------+-----
Stealth        | 2 3 5 |  5.0
Ranged Weapons | 6 7 8 10 | 10.0
Dodging        | 3 5 |  5.0
Fighting       | 3 4 |  4.9
Armour         | 1 2 |  2.8

Action                   |  1- 3 |  4- 6 |  7- 9 || total
-------------------------+-------+-------+-------++-------
 Fire: Shortbow          |    63 |    97 |       ||   160
       Arbalest          |       |     3 |    46 ||    49
  Use: Scroll            |       |    10 |       ||    10
       Potion            |       |     1 |     4 ||     5
Armor: Leather armour    |     3 |     8 |     6 ||    17
Dodge: Dodged            |    23 |    31 |    50 ||   104

Table legend: (Time is in decaauts)
 A = Elapsed time spent in this place.
 B = Non-inter-level travel time spent in this place.
 C = Inter-level travel time spent in this place.
 D = Time resting spent in this place.
 E = Time spent auto-exploring this place.
 F = Levels seen in this place.
 G = Mean time per level.
                   A        B        C        D        E       F      G
               +--------+--------+--------+--------+--------+-----+--------+
         Total |   5058 |   4942 |    116 |   1172 |   3250 |   6 |  843.0 |
       Dungeon |   4984 |   4868 |    116 |   1172 |   3243 |   5 |  996.8 |
       Ossuary |     73 |     73 |      0 |      0 |      7 |   1 |   73.0 |
               +--------+--------+--------+--------+--------+-----+--------+

Top non-repeatable levels by time:
     D:4: 1587 daAuts
     D:2: 1193 daAuts
     D:1: 1190 daAuts
     D:3: 844 daAuts
     D:5: 168 daAuts
 Ossuary: 73 daAuts
